AoeStats
← Mirku

Lombardia

510226149Analyzed
4v4 RM · 3d ago on Sep 30, 2026· 58m 11s· 8 players
Game mode
Random Map
Map size
Large (8 player)
Population
200
Speed
Normal
Resources
Standard
Victory
Conquest
Starting age
Dark Age
Ending age
Imperial Age
RankedLock teamsTeams togetherTeam positionsShared explorationLock speedFull tech treeHidden civsTurbo modeCheats
Victory
Defeat
🇨🇱 Huns · Chile
988
+15
🇰🇷 Ethiopians · South Korea
987
+15
🇰🇷 Bohemians · South Korea
986
+15
🇨🇱 Huns · Chile
948
+17
🇨🇦 Byzantines · Canada
1002
-17
🇨🇦 Bengalis · Canada
1001
-17
🇨🇦 Lithuanians · Canada
979
-16
🇨🇦 Franks · Canada
885
-12
Leeoku
6:27 Loom
12:30 Feudal Age
14:06 Double-Bit Axe
18:26 Castle Age
17:13 Horse Collar
17:24 Gold Mining
19:18 Bow Saw
24:54 Heavy Plow
30:50 Wheelbarrow
36:58 Imperial Age
35:27 Scale Barding Armor
34:46 Crossbowman
36:59 Chain Barding Armor
36:29 Fletching
37:06 Heavy Camel Rider
39:05 Plate Barding Armor
39:03 Ballistics
39:59 Crop Rotation
40:00 Onager
41:01 Elite Skirmisher
42:30 Conscription
44:00 Bodkin Arrow
44:06 Padded Archer Armor
47:32 Chemistry
50:17 Squires
49:38 Pikeman
51:53 Light Cavalry
52:48 Forging
52:30 Halberdier
Sinister Monster
10:59 Feudal Age
11:46 Loom
11:50 Double-Bit Axe
15:06 Gold Mining
15:12 Gold Mining
16:07 Horse Collar
19:17 Castle Age
17:30 Forging
17:59 Stone Mining
18:28 Scale Barding Armor
19:22 Fletching
21:21 Wheelbarrow
22:26 Hill Forts
25:17 Town Watch
26:49 Heavy Plow
29:29 Bow Saw
31:48 Chain Barding Armor
32:03 Iron Casting
33:27 Wheelbarrow
33:29 Bodkin Arrow
33:53 Scale Mail Armor
34:47 Husbandry
34:57 Bloodlines
34:55 Squires
34:16 Pikeman
35:45 Hand Cart
40:59 Imperial Age
39:21 Chain Mail Armor
39:08 Padded Archer Armor
39:30 Chain Mail Armor
41:19 Elite Leitis
42:20 Conscription
42:06 Tower Shields
43:16 Plate Barding Armor
42:43 Padded Archer Armor
42:43 Bracer
43:11 Ballistics
43:02 Masonry
43:51 Elite Skirmisher
44:36 Thumb Ring
45:25 Hoardings
45:35 Leather Archer Armor
49:15 Ring Archer Armor
51:32 Chemistry
51:04 Architecture
50:29 Murder Holes
53:18 Coinage
Mirku
11:56 Feudal Age
15:18 Double-Bit Axe
18:15 Castle Age
21:39 Gold Mining
22:22 Elite Skirmisher
29:14 Gold Shaft Mining
28:34 Stone Mining
34:03 Imperial Age
32:36 Bow Saw
35:05 Wheelbarrow
36:36 Cavalier
38:09 Hand Cart
38:49 Paladin
42:45 Forging
42:40 Scale Barding Armor
42:26 Fletching
42:36 Padded Archer Armor
45:28 Iron Casting
45:13 Chain Barding Armor
44:50 Bodkin Arrow
48:11 Blast Furnace
47:56 Husbandry
49:34 Plate Barding Armor
53:25 Leather Archer Armor
Cavil
7:22 Loom
10:17 Feudal Age
11:05 Double-Bit Axe
18:29 Castle Age
18:03 Bloodlines
20:05 Forging
19:49 Horse Collar
20:06 Fletching
21:24 Light Cavalry
23:07 Atonement
23:12 Scale Barding Armor
25:09 Sanctity
28:32 Heavy Plow
29:41 Wheelbarrow
30:19 Gold Mining
33:37 Imperial Age
31:38 Bodkin Arrow
31:56 Pikeman
33:09 Bow Saw
33:32 Husbandry
34:30 Iron Casting
34:39 Hand Cart
34:23 Elite Skirmisher
36:21 Chemistry
35:43 Ballistics
36:48 Chain Barding Armor
37:29 Blast Furnace
37:47 Conscription
37:35 Paiks
38:46 Plate Barding Armor
38:11 Padded Archer Armor
38:12 Bracer
39:31 Chemistry
41:28 Scale Mail Armor
41:25 Halberdier
45:11 Chain Mail Armor
49:18 Squires
Pitcher
0:44 Loom
11:04 Feudal Age
13:36 Horse Collar
13:43 Double-Bit Axe
19:30 Castle Age
21:04 Wheelbarrow
21:30 Fervor
20:45 Pikeman
21:26 Squires
23:33 Bow Saw
24:58 Heavy Plow
30:15 Imperial Age
29:00 Forging
30:03 Hand Cart
29:59 Scale Mail Armor
31:10 Iron Casting
31:46 Chain Mail Armor
32:35 Wagenburg Tactics
32:38 Halberdier
34:40 Conscription
34:57 Redemption
35:15 Elite Hussite Wagon
35:50 Arson
38:47 Fortified Wall
47:32 Chemistry
46:53 Ballistics
Nack18 CL
2:57 Loom
4:18 Loom
11:05 Feudal Age
11:53 Double-Bit Axe
12:22 Horse Collar
18:59 Castle Age
19:02 Wheelbarrow
18:24 Stone Mining
27:50 Bow Saw
28:45 Caravan
31:17 Forging
31:14 Scale Barding Armor
32:28 Marauders
33:33 Chain Barding Armor
33:49 Iron Casting
33:41 Husbandry
33:52 Bloodlines
33:03 Light Cavalry
44:56 Imperial Age
45:08 Elite Tarkan
46:09 Conscription
51:44 Blast Furnace
51:20 Plate Barding Armor
Calcetin
8:35 Loom
11:48 Feudal Age
15:58 Castle Age
14:34 Double-Bit Axe
19:25 Ballistics
19:11 Padded Archer Armor
20:44 Fletching
25:32 Horse Collar
26:00 Gold Mining
26:37 Stone Mining
31:38 Heavy Plow
32:17 Bow Saw
33:09 Wheelbarrow
36:41 Imperial Age
35:01 Leather Archer Armor
34:42 Bodkin Arrow
36:30 Thumb Ring
37:51 Parthian Tactics
38:53 Chemistry
38:44 Hand Cart
38:59 Bracer
39:51 Heavy Cavalry Archer
47:00 Light Cavalry
47:50 Bloodlines
47:41 Husbandry
48:22 Scale Barding Armor
48:28 Forging
47:58 Hussar
50:41 Iron Casting
50:27 Chain Barding Armor
54:09 Blast Furnace
54:21 Plate Barding Armor
light
10:47 Feudal Age
10:56 Feudal Age
11:20 Loom
11:36 Double-Bit Axe
18:34 Castle Age
16:20 Horse Collar
18:37 Fletching
18:48 Padded Archer Armor
18:58 Forging
21:32 Bow Saw
25:49 Wheelbarrow
29:28 Hand Cart
29:21 Heavy Plow
29:34 Gold Mining
29:23 Crossbowman
31:32 Caravan
34:47 Imperial Age
32:51 Bodkin Arrow
33:11 Leather Archer Armor
33:02 Scale Barding Armor
33:19 Thumb Ring
35:07 Husbandry
36:10 Gold Shaft Mining
36:37 Two-Man Saw
35:33 Heavy Camel Rider
36:51 Iron Casting
37:04 Conscription
37:02 Royal Heirs
37:50 Ballistics
37:45 Arbalester
40:05 Chemistry
41:34 Blast Furnace
40:55 Chain Barding Armor
40:36 Bracer
41:06 Ring Archer Armor
48:09 Stone Mining
48:47 Torsion Engines
48:59 Onager
56:50 Siege Onager
Connection lost

Rejoining the realm…

Still unreachable

The connection could not be restored.

Session expired

The server has moved on; the page needs a fresh start.